Cogmind - Beta 10.2 @@@ ROGUE MODE // 2020.12.22 @ 15:22:41 Player: derk Result: Destroyed by as-56608 with Assembled Rifle Performance ------------- Evolutions (0) 0 Regions Visited (4) 800 Robots Destroyed (26) 130 Value Destroyed (476) 476 Prototype IDs (0) 0 Alien Tech Used (0) 0 Bonus (-107) -107 TOTAL SCORE: 1299 Bonus ------- Follower Combat Kills 25 Friendly Fire -132 Cogmind --------- Core Integrity 0/250 Matter 216/300 Energy 85/100 System Corruption 0% Temperature Cool (0) Movement Treading (240) Ox4 Location -9/Mines Parts ------- > --- POWER (1) -------- (None) > --- PROPULSION (2) --- Light Treads Compact Wheel > --- UTILITY (2) ------ Humpback > --- WEAPON (2) ------- Heavy Assault Rifle > --- INVENTORY (24) --- Light Nuclear Core Reinforced Deuterium Engine Reinforced Deuterium Engine Light Fission Core Large Storage Unit High-capacity Storage Unit High-capacity Storage Unit High-capacity Storage Unit High-capacity Matter Pod (200) Experimental Sensor Array Improved Targeting Computer Improved Targeting Computer Improved Targeting Computer Medium Armor Plating Hacking Suite Heavy Assault Rifle Mini Grenade Launcher Mini Grenade Launcher Mini Grenade Launcher Hammer Peak State ------------ > --- POWER ------------ Light Nuclear Core > --- PROPULSION ------- Light Treads Light Treads > --- UTILITY ---------- Humpback > --- WEAPON ----------- Heavy Assault Rifle Heavy Assault Rifle > --- INVENTORY -------- Light Nuclear Core Reinforced Deuterium Engine Reinforced Deuterium Engine Light Fission Core Light Treads Compact Wheel Large Storage Unit High-capacity Storage Unit High-capacity Storage Unit High-capacity Storage Unit High-capacity Matter Pod Experimental Sensor Array Improved Targeting Computer Improved Targeting Computer Improved Targeting Computer Medium Armor Plating Hacking Suite Light EM Pulse Cannon Heavy Assault Rifle Heavy Assault Rifle Mini Grenade Launcher Mini Grenade Launcher Mini Grenade Launcher Hammer [Rating: 16] Favorites ----------- Power Ion Engine Engine Ion Engine Power Core Light Nuclear Core Propulsion Light Treads Treads Light Treads Wheel Compact Wheel Utility High-capacity Storage Unit Storage High-capacity Storage Unit Weapon Heavy Assault Rifle Energy Cannon Light EM Pulse Cannon Ballistic Gun Heavy Assault Rifle Launcher Mini Grenade Launcher Impact Weapon Hammer Special Melee Weapon Datajack Build | -11 -10 -10 -10 -9 ------- Run | Scr Mat Min Exi Min Slots Evolved . | . . . . . Power . | . . . . . Propulsion . | . . . . . Utility . | . . . . . Weapon . | . . . . . Parts Attached 29 | 7 9 3 2 8 Power 4 | 1 2 . . 1 Engine 3 | 1 2 . . . Core 1 | . . . . 1 Reactor . | . . . . . Propulsion 5 | 2 . . . 3 Treads 4 | 2 . . . 2 Leg . | . . . . . Wheel 1 | . . . . 1 Hover . | . . . . . Flight . | . . . . . Utility 7 | 2 4 . 1 . Device . | . . . . . Storage 7 | 2 4 . 1 . Processor . | . . . . . Hackware . | . . . . . Protection . | . . . . . Artifact . | . . . . . Weapon 13 | 2 3 3 1 4 Energy Gun . | . . . . . Energy Cannon 1 | . . . . 1 Ballistic Gun 8 | 2 1 2 1 2 Ballistic Cannon . | . . . . . Launcher 2 | . 1 . . 1 Special Weapon . | . . . . . Impact Weapon 1 | . . 1 . . Slashing Weapon . | . . . . . Piercing Weapon . | . . . . . Special Melee Weapon 1 | . 1 . . . Unidentified Prototypes . | . . . . . Parts Lost 7 | . 1 . . 6 Power 2 | . 1 . . 1 Propulsion 2 | . . . . 2 Utility . | . . . . . Weapon 3 | . . . . 3 Highest Loss Streak 6 | . 1 . . 6 Average Slot Usage (%) 96 | . 100 100 93 84 Engine 13 | . 14 14 14 7 Treads 27 | . 28 28 28 27 Storage 24 | . 28 28 22 14 Ballistic Gun 25 | . 22 26 28 26 Launcher 1 | . 4 1 . . Naked Turns . | . . . . . Heaviest Build 92 | 15 72 75 91 92 Greatest Support 40 | 40 40 40 40 40 Greatest Overweight (x) 5 | . 1 1 2 5 Average Overweight (x) 1 | . . 1 1 2 Largest Inventory Capacity 24 | 8 20 20 24 24 Average Capacity 19 | 6 18 20 21 24 Most Carried 24 | 7 20 20 24 24 Average Carried 17 | 4 13 19 20 23 Final Capacity 24 | 8 20 20 24 24 Final Carried 24 | 7 20 20 24 20 Class Distribution -------------------- 78% | Hauler-Mutant 21% | Mutant Dominant Class ---------------- Mutant | -10/Materials Hauler-Mutant | -10/Mines Hauler-Mutant | -10/Exiles Hauler-Mutant | -9/Mines Resources | -11 -10 -10 -10 -9 ----------- Run | Scr Mat Min Exi Min Matter Collected 1000 | 318 222 326 30 104 Remotely . | . . . . . Salvage Created 912 | 111 252 332 . 217 Parts 58 | 5 21 18 . 14 Haulers Intercepted . | . . . . . Recyclers Shooed 1 | . . . . 1 Parts Field Recycled . | . . . . . Retrieved Matter . | . . . . . Parts Self-Destructed . | . . . . . Prevented . | . . . . . Kills | -11 -10 -10 -10 -9 ------- Run | Scr Mat Min Exi Min Combat Hostiles Destroyed 19 | . 7 5 . 7 Guns 16 | . 7 5 . 4 AOE 3 | . . . . 3 Classes Destroyed 7 | 3 3 . . 1 Worker 3 | 1 1 . . 1 Tunneler 3 | 1 . . . 2 Recycler 3 | 1 . 1 . 1 Operator 1 | . 1 . . . Swarmer 6 | . 3 . . 3 Grunt 10 | . 4 6 . . Assembled 4 | . . . . 4 Best Kill Streak 4 | 2 3 2 . 4 Combat Bots Only 4 | . 3 2 . 4 Max Kills in Single Turn 2 | 1 1 1 . 2 Gunslinging 1 | . . . . 1 Exploded 2 | . . . . 2 Melee . | . . . . . Uniques/NPCs Destroyed . | . . . . . Combat | -11 -10 -10 -10 -9 -------- Run | Scr Mat Min Exi Min Damage Taken 1565 | . 272 91 . 1202 Core 252 | . 20 12 . 220 Absorbed by Shields . | . . . . . Core Remaining (%) 100 | 100 . . . . Volleys Fired 68 | 8 26 16 . 18 Largest 2 | 2 2 2 . 2 Hottest 79 | 40 40 46 . 79 Shots Fired 127 | 16 50 31 . 30 Gun 123 | 16 50 31 . 26 Cannon 1 | . . . . 1 Launcher 3 | . . . . 3 Special . | . . . . . Kinetic 123 | 16 50 31 . 26 Thermal . | . . . . . Explosive 3 | . . . . 3 Electromagnetic 1 | . . . . 1 Robot Hit Streak 10 | 5 10 8 . 7 Robot Miss Streak 4 | 1 4 2 . 1 Penetration Max . | . . . . . Secondary Targets 3 | . . 1 . 2 Max Gunslinging Chain 1 | . . 1 . 1 Shots Hit Robots 83 | 11 32 20 . 20 Core Hits 44 | 4 15 8 . 17 Critical Hits 1 | . . 1 . . Critical Kills . | . . . . . Critical Parts Destroyed 1 | . . 1 . . Melee Attacks 6 | . 1 5 . . Impact 5 | . . 5 . . Slashing . | . . . . . Piercing . | . . . . . Sneak Attacks 1 | . 1 . . . Combat Hostiles . | . . . . . Follow-up Attacks . | . . . . . Damage Inflicted 1290 | 129 374 334 . 453 Guns 1134 | 129 374 334 . 297 Cannons . | . . . . . Explosions 156 | . . . . 156 Melee . | . . . . . Ramming . | . . . . . Kinetic 1134 | 129 374 334 . 297 Thermal . | . . . . . Explosive 156 | . . . . 156 Electromagnetic . | . . . . . Impact . | . . . . . Slashing . | . . . . . Piercing . | . . . . . Highest Corruption . | . . . . . Average Corruption . | . . . . . Corruption Purged . | . . . . . Overload Shots . | . . . . . Overflow Damage . | . . . . . Projectiles . | . . . . . Explosions . | . . . . . Melee . | . . . . . Knockbacks . | . . . . . Impact . | . . . . . Kinetic . | . . . . . Secondary . | . . . . . Self-Inflicted Damage . | . . . . . Shots . | . . . . . Rammed . | . . . . . Targets Rammed . | . . . . . Kicked . | . . . . . Crushed . | . . . . . Highest Temperature 34 | . 2 10 . 34 Average Temperature 11 | . 2 3 . 16 Received Heat Transfer 257 | . 87 48 . 122 Siege Activations . | . . . . . Robots Corrupted . | . . . . . Combat Hostiles . | . . . . . Parts Fried . | . . . . . Impact Corruptions . | . . . . . Robots Melted . | . . . . . Combat Hostiles . | . . . . . Parts Melted . | . . . . . Heat Transferred . | . . . . . Parts Sabotaged . | . . . . . Parts Stolen . | . . . . . Parts Stripped . | . . . . . Power Chain Reactions . | . . . . . Missiles Intercepted . | . . . . . Alert | -11 -10 -10 -10 -9 ------- Run | Scr Mat Min Exi Min Peak Influence 240 | 15 240 100 . 90 Initial 9 | . 9 . . . Average 32 | 3 40 18 . 48 Maximum Alert Level 1 | . 1 . . . Low Security (%) 96 | 100 92 100 . 100 Level 1 3 | . 7 . . . Level 2 . | . . . . . Level 3 . | . . . . . Level 4 . | . . . . . Level 5 . | . . . . . High Security . | . . . . . Max Security . | . . . . . Squads Dispatched 1 | . 1 . . . Investigation . | . . . . . Extermination . | . . . . . Reinforcement 1 | . 1 . . . Assault . | . . . . . Garrison . | . . . . . Intercept . | . . . . . Construction Impeded . | . . . . . Haulers Reinforced . | . . . . . Stealth | -11 -10 -10 -10 -9 --------- Run | Scr Mat Min Exi Min Distress Signals 2 | . 2 . . . Communications Jammed . | . . . . . Distress Signals . | . . . . . Times Spotted 47 | . 18 6 . 23 Peak Tracking Total 9 | . 7 2 . 9 Tactical Retreats 2 | . 2 . . . Traps | -11 -10 -10 -10 -9 ------- Run | Scr Mat Min Exi Min Traps Triggered . | . . . . . Indirectly . | . . . . . Trap Hack Attempts 50 | . 50 . . . Triggered . | . . . . . Disarmed . | . . . . . Reprogrammed 2 | . 2 . . . Reused . | . . . . . Traps Extracted . | . . . . . Installed . | . . . . . Triggered . | . . . . . Machines | -11 -10 -10 -10 -9 ---------- Run | Scr Mat Min Exi Min Machines Disabled . | . . . . . Max in Single Turn . | . . . . . Machines Sabotaged . | . . . . . Garrisons Compromised . | . . . . . Overloaded Fab Kills . | . . . . . Fab Network Shutdowns . | . . . . . Hacking | -11 -10 -10 -10 -9 --------- Run | Scr Mat Min Exi Min Machines Accessed 8 | . 7 . 1 . Terminals 7 | . 7 . . . Fabricators . | . . . . . Repair Stations . | . . . . . Recycling Units . | . . . . . Scanalyzers . | . . . . . Garrison Access . | . . . . . Total Hacks 20 | . 19 . 1 . Successful 11 | . 10 . 1 . Failed 9 | . 9 . . . Catastrophic 1 | . 1 . . . Database Lockouts . | . . . . . Manual 9 | . 9 . . . Terminals 19 | . 19 . . . Fabricators . | . . . . . Repair Stations . | . . . . . Recycling Units . | . . . . . Scanalyzers . | . . . . . Garrison Access . | . . . . . Terminal Hacks 9 | . 8 . 1 . Record 1 | . . . 1 . Unreport Threat 1 | . 1 . . . Locate Traps 3 | . 3 . . . Hauler Manifests 1 | . 1 . . . Zone Layout 3 | . 3 . . . Fabricator Hacks . | . . . . . Repair Station Hacks . | . . . . . Recycling Unit Hacks . | . . . . . Scanalyzer . | . . . . . Garrison Access Hacks . | . . . . . Unauthorized Hacks 2 | . 2 . . . Terminals 2 | . 2 . . . Track 2 | . 2 . . . Fabricators . | . . . . . Repair Stations . | . . . . . Recycling Units . | . . . . . Scanalyzers . | . . . . . Garrison Access . | . . . . . Data Cores Recovered . | . . . . . Used . | . . . . . Hacking Detections 7 | . 7 . . . Full Trace Events 1 | . 1 . . . Feedback Events . | . . . . . Feedback Blocked . | . . . . . Robot Schematics Acquired . | . . . . . Robots Built . | . . . . . Matter . | . . . . . Time . | . . . . . Total Robot Build Rating . | . . . . . Part Schematics Acquired . | . . . . . Parts Built . | . . . . . Matter . | . . . . . Time . | . . . . . Total Part Build Rating . | . . . . . Parts Repaired . | . . . . . Time . | . . . . . Parts Recycled . | . . . . . Recycled Matter . | . . . . . Retrieved Matter . | . . . . . Retrieved Components . | . . . . . Parts Scanalyzed . | . . . . . Part Schematics Acquired . | . . . . . Parts Damaged . | . . . . . Bothacking | -11 -10 -10 -10 -9 ------------ Run | Scr Mat Min Exi Min Used RIF Installer . | . . . . . Robots Hacked 1 | . 1 . . . Non-combat 1 | . 1 . . . Combat . | . . . . . Robot Hacks Applied 1 | . 1 . . . parse_system 1 | . 1 . . . Relay Couplers Released . | . . . . . Robots Rewired . | . . . . . Allies Hacked . | . . . . . Hacks Repelled . | . . . . . Allies | -11 -10 -10 -10 -9 -------- Run | Scr Mat Min Exi Min Total Allies 3 | . . 3 . . Largest Group 3 | . . 3 . . Highest-Rated Group 40 | . . 40 . . Highest-Rated Ally 16 | . . 16 . . Total Orders . | . . . . . Ally Attacks 12 | . . 12 . . Total Damage 129 | . . 129 . . Kills 1 | . . 1 . . Allies Corrupted . | . . . . . Allies Melted . | . . . . . Intel | -11 -10 -10 -10 -9 ------- Run | Scr Mat Min Exi Min Robot Analysis Total . | . . . . . Derelict Logs Recovered 2 | . . 1 . 1 Drone Launches . | . . . . . Drone Recoveries . | . . . . . Exploration | -11 -10 -10 -10 -9 ------------- Run | Scr Mat Min Exi Min Turns Passed 3850 | 119 1281 916 1187 347 Spaces Moved 1901 | 51 625 465 622 138 Core 3 | 3 . . . . Treads 1896 | 48 625 465 622 136 Legs . | . . . . . Wheels 2 | . . . . 2 Hover . | . . . . . Flight . | . . . . . Fastest Speed 50 | 50 160 180 160 150 Average Speed 180 | 153 173 180 187 199 Slowest Speed 240 | 160 180 180 200 240 Overloaded Moves . | . . . . . Propulsion Burnouts . | . . . . . Robots Hopped . | . . . . . Cave-ins Triggered . | . . . . . Exploration Rate (%) 62 | 6 85 99 88 36 Regions Visited 4 Branch Regions 3 Pre-discovered Areas 2 | . . 1 1 . Known Exits Taken . | . . . . . Unknown Exits Taken 4 | 1 1 1 1 . Scrap Searched 2 | . . 1 . 1 Spaces Dug . | . . . . . Terrain Destroyed 7 | . . . . 7 Melee . | . . . . . Projectile . | . . . . . AOE 7 | . . . . 7 Terrain Rammed . | . . . . . Walls Destroyed . | . . . . . Machines Disabled . | . . . . . Actions | -11 -10 -10 -10 -9 --------- Run | Scr Mat Min Exi Min Total 2181 | 72 774 506 647 182 Wait 50 | . 28 14 . 8 Move 1897 | 50 624 464 621 138 Hop . | . . . . . Pick Up 57 | 7 23 2 21 4 Fast Attach 9 | 7 . . 1 1 Attach 5 | . 1 . . 4 Detach . | . . . . . Swap 15 | . 8 3 1 3 Drop 24 | . 13 2 3 6 Fire 68 | 8 26 16 . 18 Melee 6 | . 1 5 . . Ram . | . . . . . Kick . | . . . . . Crush . | . . . . . Escape Stasis . | . . . . . Rewire . | . . . . . Trap 50 | . 50 . . . Miscellaneous . | . . . . . Route ------- -11/Scrapyard -10/Materials (discovered 3 exits: [*Mat x2] / [*Min]) -10/Mines (discovered 3 exits: [*Mat x2] / *Exi) -10/Exiles (discovered 2 exits: [*Min x2]) -9/Mines History --------- Turn | Location | Event 20 | -11/Scrapyard | Discovered new exit (range 16) 120 | -11/Scrapyard | Entered Materials 213 | -10/Materials | Discovered new exit (range 14) 315 | -10/Materials | Build established: Mutant 569 | -10/Materials | Discovered new exit (range 14) 625 | -10/Materials | Discovered new exit (range 13) 1147 | -10/Materials | Build established: Hauler-Mutant 1401 | -10/Materials | Entered Mines 1405 | -10/Mines | Assisted by bots powering up and referring to "LRC-V3" 1447 | -10/Mines | Discovered new exit (range 5) 1717 | -10/Mines | Found a damaged Exp. Sensor Array with a note attached 1721 | -10/Mines | Found Prototype Device 1861 | -10/Mines | Discovered new exit (range 16) 1891 | -10/Mines | Learned location of Storage (-7) 1981 | -10/Mines | Deemed a non-threat by the Exiles lab entrance 1981 | -10/Mines | Discovered new exit (range 5) 2317 | -10/Mines | Entered Exiles 2346 | -10/Exiles | Discovered new exit (range 14) 2371 | -10/Exiles | Met 8R-AWN 2400 | -10/Exiles | Met EX-HEX 2481 | -10/Exiles | Met EX-DEC 2520 | -10/Exiles | Visited The Gauntlet 2753 | -10/Exiles | Met EX-BIN 2976 | -10/Exiles | Learned location of Zion (-6) 3482 | -10/Exiles | Discovered new exit (range 11) 3504 | -10/Exiles | Entered Mines 3510 | -9/Mines | Joined a pair of Derelicts in attacking an 0b10 outpost 3755 | -9/Mines | Learned location of 1 exit from Materials 3798 | -9/Mines | Assembled infested the area 3803 | -9/Mines | Assisted by a Guerilla fighting off Assembled 3841 | -9/Mines | Core integrity fell below 50% 3844 | -9/Mines | Core integrity fell below 20% 3851 | -9/Mines | Destroyed by as-56608 with Assembled Rifle Last Messages --------------- 03813_ as-65707 destroyed. 03817_ The unstable cave ceiling collapses. 03821_ as-77520 destroyed. 03822_ C-30 ARC bursts open, deploying its payload. 03822_ D-53 Grenadier unfolds itself. 03826_ KF-VRY(h) destroyed. 03833_ as-27972 destroyed. 03833_ as-77058 destroyed. 03833_ as-46767 destroyed. 03833_ as-43164 destroyed. 03835_ Lgt. Treads destroyed. 03836_ as-86480 destroyed. 03839_ The unstable cave ceiling collapses. 03841_ Lgt. EM Pulse Cannon destroyed. 03842_ The unstable cave ceiling collapses. 03846_ Destroyed Shock Absorption System. 03849_ Lgt. Treads destroyed. 03849_ Hvy. Assault Rifle destroyed. 03850_ Lgt. Nuclear Core destroyed. 03851_ Hvy. Assault Rifle destroyed. Map ----- +----------------------------------------------------+ | ?????????????????????????????????????????????????? | | ?????????????????????????????????????????????????? | | ?????????????????????????????????????????????????? | | ???????????????????????????????????????????? #???? | | ?????????????????### ?????????????###?????? #???? | | ????????????????# ???????????# ????? #???? | | ??????????????## ??????????# #???? #???? | | ?????????????? ??????????? #???# #???? | | ??????????????# ????###?????# #??# #????? | | ??????????????# #???## ##???# #?# #?????? | | ?????????????## ##??# #### #? ??????? | | ???????# ?#### ##?# ## ????????? | | ??????"# # # #### #?????????? | | ?????"# # ### ##????????? | | ?????# ### ##???????? | | ?????# ### ! #???????? | | ?? ### ###!%# ##??????? | | ?# ### [## ##?????? | | ?# = "%" ## #?????? | | ??### % " ## #?????? | | ????# ?? % d ######## ##?????? | | ????## ?????# d ##?????# !* ###??????? | | ????????????## ##????# =%##????????? | | ????????????# # #???##*%*####??????? | | ?????????????# #???# !%%%=!#??????? | | ??????????????# @ ##### ==[[%#??????? | | ??????????????## ###[#??????? | | ???????????????# ##?#%#??????? | | ???????????????##### ########??#*#??????? | | ???????????????????## ##?????????# #??????? | | ????????????????????## #??????????#=#??####? | | ?????????????????????### #??????????#=####* ## | | ???????????????????????## ##??????????# * %! # | | ????????????????????????#####???????????######= | | ?????????????????????????????????????????????# | | ?????????????????????????????????????????????# | | ????????????????????######????????????######## | | ???????????????????##"[%"##???????????# # | | ???????????????????#!]%[! #???????????# ####### ## | | ???????????????????# [ ][#???????????# #?????###? | | ???????????????????##][=/##???????????# #????????? | | ???????????????????###//###???????????# #????????? | | ???????????????????# #???????????# #????????? | | ???????????????????# ####??####??# #????????? | | ???????????????????# #?## #### #????????? | | ???????????????????# #?# !% #????????? | | ???????????????????# ### #####????????? | | ???????????????????# #????????????? | | ???????????????????# ### #????????????? | | ???????????????????# #?# ##????????????? | +----------------------------------------------------+ Best States ------------- Heat Dissipation 25 Energy Generation 14 Energy Capacity 250 Matter Stores 300 Matter Capacity 300 Sight Range 16 Terrain Scan Density 10 Evasion (%) 40 Recoil Reduction 2 Item Schematics ----------------- None Robot Schematics ------------------ None Fabricated ------------ Nothing Alien Tech Used ----------------- None Achievements -------------- None Challenges ------------ None Game ------ Seed MakeshiftQuantumShifter Manual? 0 Play Time 00:22:10 Cumulative 263.4 hours Start 2020.12.22 @ 14:59:38 End 2020.12.22 @ 15:22:41 Sessions 1 Manual Loads 0 Difficulty Rogue Special Mode None Game No. 107 Rogue 107 Adventurer 0 Explorer 0 Win Type - Total 8 Types 6/0/1/1/0/0/0/0/0 Lore% 57 Gallery% 85 Achievement% 65 Wizard Run 0 Options --------- ASCII 0 Keyboard 0 Movement Numpad Keybinds 0 Fullscreen 1 Font 18/SmallcapsGlow Map View 76x50 Tactical HUD 1 Map Filters NONE Filters NONE Steam 1 RUN: 3afc3e7a-1916-4cec-af9d-95607f482dea